AoeStats
← AIR-Z

Black Forest

510132202Analyzed
2v2 RM · 2d ago on Sep 29, 2026· 56m 7s· 4 players
Game mode
Random Map
Map size
Medium (4 player)
Population
200
Speed
Normal
Resources
Standard
Victory
Conquest
Starting age
Dark Age
Ending age
Imperial Age
RankedLock teamsTeams togetherTeam positionsShared explorationLock speedFull tech treeHidden civsTurbo modeCheats
Victory
Defeat
🇬🇧 Bengalis · United Kingdom
1407
+10
🇬🇧 Armenians · United Kingdom
1160
+20
🇺🇸 Koreans · United States
1289
-16
🇷🇺 Spanish · Russia
1240
-14
The Great Lion Paw
0:35 Loom
13:06 Feudal Age
14:18 Double-Bit Axe
19:57 Castle Age
18:20 Horse Collar
26:27 Wheelbarrow
27:43 Caravan
28:09 Gold Mining
28:10 Stone Mining
34:56 Imperial Age
32:55 Fletching
34:00 Gold Shaft Mining
34:58 Hand Cart
34:59 Fortified Wall
35:30 Onager
36:55 Conscription
37:02 Ballistics
37:28 Bow Saw
39:07 Heavy Plow
39:31 Scale Barding Armor
39:36 Forging
41:16 Chemistry
40:22 Siege Engineers
40:27 Masonry
41:01 Crop Rotation
40:44 Bloodlines
40:56 Chain Barding Armor
41:13 Husbandry
41:00 Elite Battle Elephant
42:50 Plate Barding Armor
42:50 Iron Casting
42:39 Town Watch
44:29 Two-Man Saw
43:48 Paiks
46:14 Mahayana
46:10 Bodkin Arrow
47:15 Blast Furnace
46:14 Elite Elephant Archer
48:13 Siege Engineers
47:31 Elite Skirmisher
49:14 Bracer
51:56 Light Cavalry
54:28 Padded Archer Armor
54:28 Scale Mail Armor
The Great Lynx Paw
1:12 Loom
11:58 Feudal Age
13:02 Double-Bit Axe
13:44 Man-at-Arms
14:35 Forging
14:33 Horse Collar
15:18 Long Swordsman
16:34 Scale Mail Armor
17:26 Arson
22:18 Castle Age
20:27 Fletching
20:51 Gold Mining
21:07 Padded Archer Armor
22:32 Wheelbarrow
23:28 Chain Mail Armor
23:00 Gambesons
23:16 Squires
22:39 Elite Skirmisher
23:56 Bow Saw
26:22 Two-Handed Swordsman
27:51 Stone Mining
28:22 Town Watch
29:20 Gold Shaft Mining
29:39 Iron Casting
29:29 Champion
29:39 Pikeman
30:52 Bodkin Arrow
31:53 Hand Cart
32:26 Town Patrol
32:50 Heavy Plow
37:49 Imperial Age
37:32 Leather Archer Armor
37:47 Ballistics
37:19 Guard Tower
40:05 Chemistry
39:35 Plate Mail Armor
38:27 Halberdier
39:04 Treadmill Crane
40:15 Bracer
41:17 Blast Furnace
40:24 Bracer
40:18 Capped Ram
41:42 Devotion
42:14 Ring Archer Armor
42:13 Masonry
42:14 Fortified Wall
42:28 Bombard Tower
42:17 Scale Barding Armor
42:15 Caravan
42:39 Herbal Medicine
43:07 Block Printing
43:28 Fereters
42:51 Siege Ram
44:03 Conscription
44:00 Fishing Lines
45:08 Sanctity
44:59 Fervor
45:15 Illumination
45:17 Faith
45:08 Fervor
45:09 Redemption
45:03 Elite Composite Bowman
45:42 Murder Holes
47:01 Illumination
47:06 Gillnets
48:01 Clinker Construction
48:01 Careening
53:33 Guilds
55:33 Hoardings
ׅ
1:01 Loom
10:35 Feudal Age
11:04 Double-Bit Axe
12:46 Fletching
14:38 Fishing Lines
26:51 Castle Age
27:55 Bodkin Arrow
32:16 Imperial Age
30:04 Bow Saw
29:49 Gillnets
32:04 Fortified Wall
32:48 Ballistics
33:41 Shinkichon
33:45 Bracer
33:47 Murder Holes
34:42 Wheelbarrow
33:52 Town Watch
34:38 Siege Engineers
36:10 Two-Man Saw
36:06 Conscription
37:36 Forging
37:27 Scale Mail Armor
37:30 Heavy Rocket Cart
39:47 Wheelbarrow
40:02 Iron Casting
39:43 Chain Mail Armor
39:52 Eupseong
41:11 Gold Mining
41:13 Stone Mining
41:50 Squires
41:10 Pikeman
41:37 Arson
42:25 Plate Mail Armor
43:44 Chemistry
42:55 Masonry
44:02 Caravan
43:52 Halberdier
AIR-Z
13:50 Feudal Age
15:41 Man-at-Arms
18:47 Loom
20:35 Bloodlines
35:39 Castle Age
37:07 Double-Bit Axe
50:53 Husbandry
55:29 Caravan
Connection lost

Rejoining the realm…

Still unreachable

The connection could not be restored.

Session expired

The server has moved on; the page needs a fresh start.